 Dungeon Crawl Stone Soup version 0.19.1 (webtiles) character file.

182 Darkmans the Shield-Bearer (level 5, -6/32 HPs)
             Began as a Gargoyle Fighter on Dec 16, 2016.
             Was an Initiate of Okawaru.
             Killed by divine providence
             ... invoked by an orc priest
              (15 damage)
             ... on level 3 of the Dungeon on Dec 17, 2016.
             The game lasted 00:07:50 (2587 turns).

Darkmans the Shield-Bearer (Gargoyle Fighter)       Turns: 2587, Time: 00:07:51

Health: -6/32      AC: 10    Str: 19    XL:     5   Next: 61%
Magic:  5/5        EV:  7    Int:  8    God:    Okawaru [......]
Gold:   101        SH:  9    Dex:  9    Spells: 0 memorised, 4 levels left

rFire  . . .     SeeInvis .     a - +0 long sword
rCold  . . .     Gourm    .     b - +0 scale mail
rNeg   + . .     Faith    .     c - +0 shield
rPois  ∞         Spirit   .     (no helmet)
rElec  +         Reflect  .     (no cloak)
rCorr  .         Harm     .     (no gloves)
MR     .....                    (no boots)
Stlth  ..........               (no amulet)
                                (no ring)
                                (no ring)

@: no status effects
A: talons 1, negative energy resistance 1, electricity resistance, weak 1,
unbreathing, evolution 1, petrification resistance, rot immunity, AC +4
a: Renounce Religion


You were on level 3 of the Dungeon.
You worshipped Okawaru.
Okawaru was noncommittal.
You were not hungry.

You visited 1 branch of the dungeon, and saw 4 of its levels.

You collected 101 gold pieces.

Inventory:

Hand Weapons
 a - a +0 long sword (weapon)
Armour
 b - a +0 scale mail (worn)
 c - a +0 shield (worn)
Scrolls
 e - 3 scrolls of recharging {unknown}
 h - 6 scrolls of enchant weapon {unknown}
 l - a scroll of teleportation {unknown}
 n - a scroll of fear {unknown}
 q - a scroll of remove curse {unknown}
 s - 2 scrolls of enchant armour {unknown}
 t - 2 scrolls of magic mapping {unknown}
Potions
 d - a potion of might
 i - 2 potions of berserk rage
 k - a potion of flight
 m - a potion of heal wounds
 p - a potion of lignification {unknown}
 r - a potion of magic {unknown}
 u - a potion of brilliance
 w - a potion of agility
Comestibles
 f - 7 bread rations
 g - 2 meat rations
 j - 3 chunks of flesh
 o - a beef jerky


   Skills:
 - Level 3.3 Fighting
 + Level 3.8 Long Blades
 - Level 3.3 Armour
 + Level 5.2 Shields


You had 4 spell levels left.
You didn't know any spells.

Dungeon Overview and Level Annotations

Branches:
Dungeon (4/15)
 Temple: D:4-7

Altars:
Makhleb
Okawaru
Sif Muna
Vehumet
Yredelemnul


Innate Abilities, Weirdness & Mutations

You are resistant to torment.
Your stone body is resilient. (AC +4)
You are immune to poison.
You resist negative energy. (rN+)
You are resistant to electric shocks. (rElec)
You can survive without breathing.
You are immune to petrification.
You are immune to rotting.
You have sharp toenails.
You are weak. (Str -2)
You evolve.


Message History

The orc priest is severely wounded.
The orc priest hits you but does no damage.
Your shield and scale mail prevent you from hitting the orc priest.
The orc priest is severely wounded.
You block the orc priest's attack.
You closely miss the orc priest.
You claw the orc priest, but do no damage.
The orc priest is severely wounded.
The orc priest mumbles some strange prayers to Beogh against you.
Pain shoots through your body!
* * * LOW HITPOINT WARNING * * *
You closely miss the orc priest. Your kick misses the orc priest.
The orc priest is severely wounded.
The orc priest hits you but does no damage.
The orc priest closely misses you.
You closely miss the orc priest.
The orc priest is severely wounded.
The orc priest calls down the wrath of Beogh upon you.
Beogh smites you!
You die...

#.##.# #(#....#####
#.##'#######'#.........
#..................####
##............####.####
#............# #.##..
##...........# #.##..
#...........####.##..
##....o......'..#'###.
#....@.......##.......
#............##.......
#..)...########.......
#......# #.......
#......# #.####.#
#...(..# #.. ....
######## ########


You could see an orc priest.

Vanquished Creatures
  An orc priest (D:3)
  An orc wizard (D:3)
  3 adders (D:3)
  An ooze (D:2)
  4 worms (D:2)
  A leopard gecko (D:2)
  7 orcs
  3 ball pythons (D:2)
  10 bats
  3 giant cockroaches (D:2)
  6 goblins
  5 hobgoblins
  4 jackals (D:1)
  2 quokkas
  4 frilled lizards
  10 kobolds
  10 rats
  A spectral orc (D:2)
76 creatures vanquished.

Vanquished Creatures (others)
  A rat (D:2)
1 creature vanquished.

Grand Total: 77 creatures vanquished

Notes
Turn   | Place    | Note
-------+----------+-------------------------------------------
     0 | D:1      | Darkmans the Gargoyle Fighter began the quest for the Orb.
     0 | D:1      | Reached XP level 1. HP: 14/14 MP: 1/1
     3 | D:1      | Noticed an electric eel
     3 | D:1      | Noticed an electric eel
   163 | D:1      | Reached XP level 2. HP: 16/19 MP: 2/2
   643 | D:2      | Reached XP level 3. HP: 23/23 MP: 3/3
   651 | D:2      | Found an iron altar of Okawaru.
   662 | D:2      | Became a worshipper of Warmaster Okawaru
   746 | D:2      | Reached skill level 4 in Shields
   774 | D:2      | Found a faded altar of an unknown god.
   969 | D:2      | Found a basalt altar of Yredelemnul.
  1020 | D:2      | Found a burning altar of Makhleb.
  1141 | D:2      | Reached XP level 4. HP: 28/28 MP: 4/4
  1248 | D:2      | Found a radiant altar of Vehumet.
  1647 | D:3      | Gained mutation: You are weak. (Str -2) [potion of mutation]
  1647 | D:3      | Gained mutation: You evolve. [potion of mutation]
  1647 | D:3      | Gained mutation: You have sharp toenails. [potion of mutation]
  2093 | D:3      | Reached XP level 5. HP: 32/32 MP: 5/5
  2300 | D:3      | Reached skill level 5 in Shields
  2503 | D:3      | Found a deep blue altar of Sif Muna.
  2587 | D:3      | Killed from afar by an orc priest

Skill      XL: |  1  2  3  4  5 |
---------------+----------------+-----
Long Blades    | 2 3 |  3.8
Shields        | 4 5 |  5.2
Fighting       | |  3.3
Armour         | |  3.3

Action                   |  1- 3 |  4- 6 || total
-------------------------+-------+-------++-------
Melee: Long sword        |   138 |   177 ||   315
       Kick              |       |    26 ||    26
  Use: Scroll            |       |     6 ||     6
       Potion            |       |     1 ||     1
  Eat: Chunk             |     1 |     5 ||     6
Armor: Scale mail        |    73 |   113 ||   186
Dodge: Dodged            |    41 |    65 ||   106
Block: Shield            |    75 |    98 ||   173
       Rpst.: Long sword |    12 |    19 ||    31
